 Dungeon Crawl Stone Soup version 0.30-a0-728-gc68057be0a (webtiles) character file.

Game seed: 17197643084073794206

21 lilitu the Shield-Bearer (level 2, -8/27 HPs)
             Began as a Minotaur Fighter on Jan 31, 2023.
             Mangled by a spriggan defender simulacrum (19 damage)
             ... on level 1 of the Abyss.
             The game lasted 00:01:10 (945 turns).

lilitu the Shield-Bearer (Minotaur Fighter)          Turns: 945, Time: 00:01:10

Health: -8/27      AC:  8    Str: 20    XL:     2   Next: 65%
Magic:  1/1        EV:  9    Int:  5    God:
Gold:   60         SH:  4    Dex:  9    Spells: 1/1 levels left

rFire   . . .      SeeInvis .    a - +0 flail
rCold   . . .      Faith    .    c - +0 buckler
rNeg    . . .      Spirit   .    b - +0 scale mail
rPois   .          Reflect  .    (helmet restricted)
rElec   .          Harm     .    (no cloak)
rCorr   .          Rampage  .    (no gloves)
Will    .....                    k - +0 pair of boots Stlth
                                 (no amulet)
HPRegen 0.24/turn                (no ring)
MPRegen 0.07/turn                (no ring)

@: no status effects
A: horns 2, retaliatory headbutt
a: no special abilities


You were on level 1 of the Abyss.
You visited 1 branch of the dungeon, and saw 2 of its levels.
You visited the Abyss 1 time.

You collected 60 gold pieces.

Inventory:

Hand Weapons
 a - a +0 flail (weapon)
 e - a +0 whip
Missiles
 h - 17 stones (quivered)
Armour
 b - a +0 scale mail (worn)
 c - a +0 buckler (worn)
 k - a +0 pair of boots (worn)
Scrolls
 f - a scroll of magic mapping {unknown}
 g - a scroll of identify {unknown}
Potions
 d - a potion of might
 i - a potion of degeneration {unknown}
 j - a potion of heal wounds {unknown}


   Skills:
 + Level 3.9 Fighting
 + Level 2.8 Maces & Flails
 + Level 0.8 Throwing
 + Level 3.9 Armour
 + Level 3.9 Shields


You had one spell level left.
You didn't know any spells.
Your spell library was empty.

Dungeon Overview and Level Annotations

Branches:
Dungeon (2/15)

Altars:


Innate Abilities, Weirdness & Mutations

You have a pair of horns on your head.
You reflexively headbutt those who attack you in melee.


Message History

Done exploring.
Done exploring.
(D) Dungeon
Where to? (? - help)
What level of the Dungeon? (default 1, ? - help)
There is a stone staircase leading down here.
You climb downwards.
The goblin shouts!
The adder hisses angrily.
Found a scroll labelled JAOMEO TAFAOSAIMURGH.
Found a faded altar of an unknown god.
There is a stone staircase leading up here.
There are monsters nearby!
There are monsters nearby!
You barely miss the adder. You block the adder's attack. x2
You hit the adder. You headbutt the adder.
You kill the adder!
You barely miss the goblin. The goblin hits you but does no damage.
You blink.
You closely miss the goblin. Your headbutt misses the goblin.
The goblin hits you with a +4 dagger of distortion.
You are cast into the Abyss!
This branch contains the abyssal rune of Zot.
You are suddenly pulled into a different region of the Abyss!
A worldbinder comes into view.
The worldbinder calls forth creatures from the Elven Halls!
The worldbinder calls forth creatures from the Elven Halls!
The deep elf knight casts a spell.
The deep elf knight seems to speed up.
The deep elf knight gestures wildly while chanting.
The deep elf knight flickers and vanishes!
Deactivating autopickup; reactivate with Ctrl-A.
Reactivating autopickup.
A spriggan defender simulacrum comes into view.
You closely miss the spriggan defender simulacrum.
The spriggan defender simulacrum hits you but does no damage.
You block the spriggan defender simulacrum's attack.
The spriggan defender simulacrum hits you!
Ouch! That really hurt!
The spriggan defender simulacrum freezes you!!
Ouch! That really hurt!
You die...

~~~ ≈ ~~ ## ≈.
#.# #.. .#.. ..
.. ...#.# #. #...
.# #.Z## ..##
#.@.##...# ##
#..#...# .# .#
#..#x.#.# .#
##.##.###### .
#.........# #.
#.....##..§.##
#.## ....#..
####x.####. .# #
##. .#.....#
.##.# #
#.##.#...#.###.##


You could see a worldbinder and a spriggan defender simulacrum.

Vanquished Creatures
  An adder (D:2)
  2 ball pythons (D:1)
  2 endoplasms (D:1)
  A goblin (D:1)
  2 quokkas (D:1)
  A bat (D:1)
  4 frilled lizards (D:1)
13 creatures vanquished.

Notes
Turn   | Place    | Note
-------+----------+-------------------------------------------
     0 | D:1      | lilitu the Minotaur Fighter began the quest for the Orb.
     0 | D:1      | Reached XP level 1. HP: 19/19 MP: 0/0
   648 | D:1      | Reached XP level 2. HP: 25/27 MP: 1/1
   894 | D:2      | Found a faded altar of an unknown god.
   901 | Abyss:1  | Cast into level 1 of the Abyss (goblin)
   924 | Abyss:1  | Noticed a worldbinder
   926 | Abyss:1  | Noticed a deep elf pyromancer
   931 | Abyss:1  | Noticed a deep elf zephyrmancer
   931 | Abyss:1  | Noticed a deep elf knight
   941 | Abyss:1  | Noticed a spriggan defender simulacrum
   945 | Abyss:1  | Mangled by a spriggan defender simulacrum

Illustrated notes

Levels and vault maps discovered:
D:1:      spicycebolla_green_bress_n_ham_2, layout_basic
D:2:      layout_loops_cross, serial_shops, nicolae_shop_stone,
          basic_ecumenical_altar, corexii_leaking_fountain
Abyss:1:  base: D:1, gammafunk_abyss_exit_x_factor

Action                     || total
---------------------------++-------
  Melee: Flail             ||    34
         Headbutt          ||     7
 Armour: Scale mail        ||    13
  Dodge: Dodged            ||    11
  Block: Buckler           ||    12

Table legend: (Time is in decaauts)
 A = Elapsed time spent in this place.
 B = Non-inter-level travel time spent in this place.
 C = Inter-level travel time spent in this place.
 D = Time resting spent in this place.
 E = Time spent auto-exploring this place.
 F = Levels seen in this place.
 G = Mean time per level.
                   A        B        C        D        E       F      G
               +--------+--------+--------+--------+--------+-----+--------+
         Total |    956 |    937 |     19 |      0 |    766 |   3 |  318.7 |
       Dungeon |    912 |    893 |     19 |      0 |    766 |   2 |  456.0 |
         Abyss |     44 |     44 |      0 |      0 |      0 |   1 |   44.0 |
               +--------+--------+--------+--------+--------+-----+--------+

Top non-repeatable levels by time:
     D:1: 904 daAuts
 Abyss:1: 44 daAuts
     D:2: 7 daAuts
